 Dungeon Crawl Stone Soup version 0.30.1-3-gfc49f6343a (webtiles) character file.

Game seed: 17618477305071607557

16 Heoruswealwe the Shooter (level 2, -1/25 HPs)
             Began as a Demigod Hunter on July 25, 2023.
             Slain by a kobold
             ... wielding a +0 whip
              (5 damage)
             ... on level 2 of the Dungeon.
             The game lasted 00:03:36 (631 turns).

Heoruswealwe the Shooter (Demigod Hunter)            Turns: 631, Time: 00:03:38

Health: -1/25      AC:  4    Str: 12    XL:     2   Next: 24%
Magic:  4/4        EV: 12    Int: 11    God:
Gold:   64         SH:  0    Dex: 17    Spells: 1/1 levels left

rFire   . . .        a - +1 shortbow
rCold   . . .        (shield currently unavailable)
rNeg    . . .        c - +0 leather armour
rPois   .            i - +0 helmet
rElec   .            (no cloak)
rCorr   .            (no gloves)
SInv    .            (no boots)
Will    .....        (no amulet)
Stlth   ++           (no ring)
HPRegen 0.24/turn    (no ring)
MPRegen 0.09/turn

%: no passive effects
@: brilliant
A: high MP 1, forlorn, divine attributes
a: no special abilities


You were on level 2 of the Dungeon.
You visited 1 branch of the dungeon, and saw 2 of its levels.

You collected 64 gold pieces.

Inventory:

Hand Weapons
 a - a +1 shortbow (weapon)
Armour
 c - a +0 leather armour (worn)
 i - a +0 helmet (worn)
Scrolls
 b - a scroll of immolation


   Skills:
 + Level 2.3 Fighting
 + Level 3.9 Ranged Weapons
 - Level 1.7 Dodging
 - Level 0.8 Stealth


You had one spell level left.
You didn't know any spells.
Your spell library was empty.

Dungeon Overview and Level Annotations

Branches:
Dungeon (2/15)

Shops:
D:2 [


Innate Abilities, Weirdness & Mutations

You have an increased reservoir of magic. (+10% MP)
You shall have no god before yourself.
Your divine heritage dramatically boosts your attributes as you level up.


Message History

The hobgoblin hits you.
You shoot an arrow. The arrow hits the bat.
You kill the bat!
The hobgoblin hits you.
You shoot an arrow.
The arrow completely misses the hobgoblin.
You feel yourself slow down. The goblin closely misses you.
The kobold hits you with a +0 whip.
The hobgoblin hits you but does no damage.
A kobold comes into view. It is wielding a +0 whip.
A rat comes into view.
You shoot an arrow. The arrow hits the hobgoblin!
You kill the hobgoblin!
The kobold closely misses you. The goblin hits you with a +0 club.
You shoot an arrow. The arrow barely misses the goblin.
A kobold comes into view. It is wielding a +0 club.
The kobold hits you but does no damage. The goblin hits you but does no damage.
The kobold hits you with a +0 whip. The goblin hits you with a +0 club.
* * * LOW HITPOINT WARNING * * *
You are too injured to fight recklessly!
Fire: a) +1 shortbow
Press: ? - help, Q - select action Shift-Dir - straight line, f/p - goblin
Aim: a goblin, wielding a +0 club (56% to hit)
You shoot an arrow. The arrow hits the goblin.
The goblin is heavily wounded.
The kobold barely misses you. The goblin hits you with a +0 club.
* * * LOW HITPOINT WARNING * * *
Fire: a) +1 shortbow
Press: ? - help, Q - select action Shift-Dir - straight line, f/p - goblin
Aim: a goblin, wielding a +0 club (heavily wounded, 56% to hit)
You shoot an arrow. The arrow hits the goblin!
You kill the goblin!
The kobold hits you but does no damage.
Fire: a) +1 shortbow
Press: ? - help, Q - select action Shift-Dir - straight line, f - rat
Aim: a rat (63% to hit)
You shoot an arrow. The arrow hits the rat!
You kill the rat!
The kobold hits you with a +0 whip.
You die...

. .. .. . .#
... .## .##....
.. ..#.... ##
#. .......
###..#.#.......
........†......
#.@K# #..K).##
......###
..∩.K# ....#
##.. #. #


You could see 3 kobolds.

Vanquished Creatures
  2 endoplasms
  A goblin (D:2)
  A hobgoblin (D:2)
  3 jackals (D:1)
  A kobold (D:1)
  2 ball pythons (D:1)
  2 bats
  A frilled lizard (D:1)
  3 rats
16 creatures vanquished.

Notes
Turn   | Place    | Note
-------+----------+-------------------------------------------
     0 | D:1      | Heoruswealwe the Demigod Hunter began the quest for the
                  | Orb.
     0 | D:1      | Reached XP level 1. HP: 17/17 MP: 3/3
    44 | D:1      | Noticed a shining eye
    52 | D:1      | Noticed a shining eye
    57 | D:1      | Noticed a floating eye
    68 | D:1      | Noticed a shining eye
   326 | D:1      | Reached XP level 2. HP: 21/24 MP: 4/4
   619 | D:2      | Found Qaafru's Antique Armour Boutique.
   631 | D:2      | Slain by a kobold

Illustrated notes

Levels and vault maps discovered:
D:1:      spicycebolla_green_bress_n_ham, layout_rooms,
          hellmonk_ecumenical_altar_watching_god, serial_forest,
          infiniplex_forest_side_room, infiniplex_forest_clump_double,
          infiniplex_forest_join, infiniplex_forest_clump_double,
          infiniplex_forest_straight_2, infiniplex_forest_corner_1,
          infiniplex_forest_end_2, infiniplex_forest_end_3
D:2:      layout_rooms, serial_shops, shop, minmay_liquid_box, uniq_jessica

Skill      XL: |  1 |
---------------+----+-----
Fighting       | 2 |  2.3
Ranged Weapons | |  3.9
Dodging        | |  1.7
Stealth        | |  0.8

Action                     || total
---------------------------++-------
   Fire: Shortbow          ||    41
    Use: Potion            ||     4
         Scroll            ||     2
 Armour: Leather armour    ||     7
  Dodge: Dodged            ||    14
